 Dungeon Crawl Stone Soup version 0.30.1-4-g462c640d31 (webtiles) character file.

Game seed: 17650540076452332545

122 leafyfresh the Changer (level 5, 0/49 HPs)
             Began as an Octopode Transmuter on Aug 13, 2023.
             Slain by an orc
             ... wielding a +0 mace
              (1 damage)
             ... on level 4 of the Dungeon.
             The game lasted 00:04:44 (2585 turns).

leafyfresh the Changer (Octopode Transmuter)        Turns: 2585, Time: 00:04:44

Health: 0/49       AC: 22    Str: 10    XL:     5   Next: 6%
Magic:  8/8        EV:  2    Int: 15    God:
Gold:   197        SH:  0    Dex: 14    Spells: 4/8 levels left

rFire   + . .        d - +0 spear
rCold   + . .        (no shield)
rNeg    . . .        (helmet currently unavailable)
rPois   +            (no amulet)
rElec   .            b - ring of protection from cold
rCorr   .            f - ring of protection from fire
SInv    .            (no ring)
Will    .....        (no ring)
Stlth   +            (no ring)
HPRegen 0.28/turn    (no ring)
MPRegen 0.11/turn    (no ring)
                     (no ring)

%: no passive effects
@: tree-form
A: stationary, stasis, torment immunity, boosted hp, almost no armour,
(amphibious), 8 rings, (camouflage 1), (gelatinous body 1), (nimble swimmer 1),
(tentacles)
a: no special abilities


You were on level 4 of the Dungeon.
You were a tree.
You visited 1 branch of the dungeon, and saw 4 of its levels.

You collected 197 gold pieces.

Inventory:

Hand Weapons
 d - a +0 spear (weapon)
Armour
 l - a +2 buckler
Magical Staves
 n - a staff of poison
Jewellery
 b - a ring of protection from cold (left branch)
 f - a ring of protection from fire (right branch)
Scrolls
 c - a scroll of fog {unknown}
 h - 3 scrolls of teleportation {unknown}
 k - a scroll of amnesia {unknown}
 m - a scroll of poison {unknown}
 p - a scroll of torment {unknown}
 q - 3 scrolls of identify {unknown}
 r - a scroll of enchant armour {unknown}
 s - 2 scrolls of immolation {unknown}
Potions
 e - a potion of mutation {unknown}
 g - a potion of attraction {unknown}
 i - a potion of brilliance {unknown}
 j - a potion of heal wounds {unknown}
 o - a potion of ambrosia {unknown}
 t - a potion of might {unknown}


   Skills:
 - Level 1.0 Fighting
 - Level 2.0 Dodging
 - Level 3.0 Unarmed Combat
 - Level 2.0 Spellcasting
 + Level 5.1 Transmutations


You had 4 spell levels left.
You knew the following spells:

 Your Spells              Type           Power      Damage    Failure   Level
a - Beastly Appendage     Tmut           32%        N/A       2%          1
b - Spider Form           Tmut/Pois      9%         N/A       24%         3

Your spell library contained the following spells:

 Spells                   Type           Power      Damage    Failure   Level
 Wereblood                Tmut           16%        N/A       4%          2
 Summon Small Mammal      Summ           4%         N/A       22%         1
 Call Canine Familiar     Summ           1%         N/A       54%         3
 Summon Guardian Golem    Hex/Summ       1%         N/A       54%         3
 Ice Form                 Ice/Tmut       9%         N/A       61%         4


Dungeon Overview and Level Annotations

Branches:
Dungeon (4/15)
 Temple: D:4-7

Altars:


Innate Abilities, Weirdness & Mutations

You are a tree.
Your roots penetrate the ground, keeping you stationary.
You cannot be teleported.
You are immune to unholy pain and torment.
Your maximum health is greatly increased.
You cannot wear most types of armour.
((You are amphibious.))
You can wear up to eight rings at the same time.
((Your skin changes colour to match your surroundings (Stealth+).))
((Your rubbery body absorbs attacks. (AC +1, EV +1)))
((You are camouflaged when in or above water. (Stealth+)))
((You have tentacles for arms and can constrict up to eight enemies at once.))


Message History

You constrict the dart slug.
You kill the dart slug!
Key pressed, stopping explore.
No target in view!
Done exploring.
No target in view!
Done exploring.
No target in view!
Done exploring.
No target in view!
Done exploring.
No target in view!
Done exploring.
There is a stone staircase leading down here.
You climb downwards.
The ogre hits you with a +0 giant spiked club!
The orc hits you with a +0 mace.
There is a stone staircase leading up here.
There are monsters nearby!
Unknown command.
You turn into a tree.
Your roots penetrate the ground.
The orc hits you but does no damage. The orc barely misses you.
The orc wizard completely misses you.
The ogre hits you with a +0 giant spiked club!!
* * * LOW HITPOINT WARNING * * *
Unknown command.
You hit the ogre but do no damage.
The orc wizard hits you but does no damage.
The orc hits you but does no damage. x2
You hit the ogre.
The ogre is lightly wounded.
The orc wizard hits you but does no damage.
The ogre hits you with a +0 giant spiked club.
* * * LOW HITPOINT WARNING * * *
The orc hits you but does no damage. x2
You hit the ogre.
The ogre is moderately wounded.
The orc wizard hits you but does no damage.
The orc hits you with a +0 mace.
You die...

##### ....#
....# ....#
#+######o...###
......O♣o......
.......?o..)...
...............
...............
...............
...............
####.....####..
#..$..# ..


You could see an ogre, an orc wizard and 2 orcs.

Vanquished Creatures
  A jelly (D:2)
  Terence (D:3)
  3 dart slugs
  An orc (D:3)
  6 bats
  7 endoplasms
  3 giant cockroaches
  2 goblins
  9 hobgoblins
  3 quokkas
  9 ball pythons
  7 kobolds
  3 rats
55 creatures vanquished.

Notes
Turn   | Place    | Note
-------+----------+-------------------------------------------
     0 | D:1      | leafyfresh the Octopode Transmuter began the quest for the
                  | Orb.
     0 | D:1      | Reached XP level 1. HP: 13/13 MP: 3/3
   132 | D:1      | Reached XP level 2. HP: 14/18 MP: 5/5
   249 | D:1      | Reached skill level 3 in Transmutations
   881 | D:2      | Reached XP level 3. HP: 23/23 MP: 4/6
   887 | D:2      | Learned a level 3 spell: Spider Form
   947 | D:2      | Reached skill level 4 in Transmutations
  1166 | D:2      | Reached XP level 4. HP: 28/28 MP: 7/7
  1840 | D:3      | Noticed a phantom
  1857 | D:4      | Noticed an ogre
  2075 | D:3      | Noticed Terence
  2084 | D:3      | Killed Terence
  2319 | D:3      | Reached skill level 5 in Transmutations
  2350 | D:3      | Reached XP level 5. HP: 29/33 MP: 8/8
  2584 | D:4      | HP: 1/49 [ogre/+0 giant spiked club (3)]
  2585 | D:4      | Slain by an orc

Illustrated notes

Levels and vault maps discovered:
D:1:      minmay_arrival_loop, layout_basic
D:2:      layout_rooms
D:3:      layout_basic, uniq_terence
D:4:      layout_gridville, minmay_temple_entry_butterflies,
          minmay_misc_feat_square

Skill      XL: |  1  2  3  4 |
---------------+-------------+-----
Transmutations | 3 4 5 |  5.1
Fighting       | |  1.0
Dodging        | |  2.0
Unarmed Combat | |  3.0
Spellcasting   | |  2.0

Action                     |  1- 3 |  4- 6 || total
---------------------------+-------+-------++-------
  Melee: Spear             |    55 |    72 ||   127
         Constrict         |    14 |    14 ||    28
         Tentacles         |     7 |    13 ||    20
         Unarmed           |     2 |    11 ||    13
         Kick              |     6 |     4 ||    10
         Punch             |     1 |       ||     1
   Cast: Beastly Appendage |     6 |     3 ||     9
         Spider Form       |     1 |     2 ||     3
    Use: Potion            |       |     1 ||     1
   Stab: Sleeping          |     6 |     7 ||    13
 Armour: Skin              |     8 |    12 ||    20
  Dodge: Dodged            |    38 |    35 ||    73
